 Dungeon Crawl Stone Soup version 0.30.1-1-g62c8e00024 (webtiles) character file.

Game seed: 4016480760734620499

58 Wiggles the Chopper (level 4, -1/28 HPs)
             Began as a Tengu Berserker on July 17, 2023.
             Was a Follower of Trog.
             Slain by a kobold
             ... wielding a +0 whip
              (5 damage)
             ... on level 2 of the Dungeon.
             The game lasted 00:02:16 (730 turns).

Wiggles the Chopper (Tengu Berserker)                Turns: 730, Time: 00:02:17

Health: -1/28      AC:  3    Str: 20    XL:     4   Next: 2%
Magic:  5/5        EV: 12    Int:  7    God:    Trog [*.....]
Gold:   91         SH:  5    Dex: 13    Spells: 3/3 levels left

rFire   . . .        a - +0 hand axe
rCold   . . .        (no shield)
rNeg    . . .        h - +0 leather armour
rPois   .            (helmet restricted)
rElec   .            (no cloak)
rCorr   .            (no gloves)
SInv    .            (boots unavailable)
Will    .....        g - amulet of reflection
Stlth   +            (no ring)
HPRegen 0.24/turn    (no ring)
MPRegen 0.09/turn

%: reflection
@: no status effects
A: beak, talons 3
a: Renounce Religion, Berserk


You were on level 2 of the Dungeon.
You worshipped Trog.
Trog was aware of your devotion.
You visited 1 branch of the dungeon, and saw 2 of its levels.

You collected 91 gold pieces.

Inventory:

Hand Weapons
 a - a +0 hand axe (weapon)
Missiles
 b - 6 poisoned darts (quivered)
Armour
 h - a +0 leather armour (worn)
Jewellery
 g - an amulet of reflection (around neck)
Scrolls
 c - 2 scrolls of identify {unknown}
 i - a scroll of blinking {unknown}
 j - a scroll of teleportation {unknown}
 k - a scroll of enchant weapon {unknown}
Potions
 d - 2 potions of heal wounds {unknown}
 e - a potion of resistance {unknown}
 f - 2 potions of flight {unknown}


   Skills:
 - Level 3.0 Fighting
 + Level 5.2 Axes
 - Level 2.1 Armour
 - Level 2.1 Dodging


You had 3 spell levels left.
You didn't know any spells.
Your spell library was empty.

Dungeon Overview and Level Annotations

Branches:
Dungeon (2/15)

Altars:
Xom

Shops:
D:1 :=*!


Innate Abilities, Weirdness & Mutations

You have a beak for a mouth.
You have claws for feet.


Message History

You hit the adder but do no damage.
The adder is heavily wounded.
You feel sick. The adder bites you but does no damage.
You barely miss the adder. You peck the adder.
The adder is almost dead.
You feel sick. The adder bites you. x2
You are too injured to fight recklessly!
You are too injured to fight recklessly!
You are too injured to fight recklessly!
You are too injured to fight recklessly!
You hit the adder but do no damage. Your kick misses the adder.
Your peck misses the adder.
The adder is almost dead.
You feel sick. The adder bites you.
A kobold comes into view. It is wielding a +0 whip.
You feel sick.
The kobold shouts!
You block the adder's attack.
You feel sick.
You are no longer poisoned.
The adder barely misses you.
An endoplasm comes into view.
The kobold throws a stone.
The stone barely misses you. The adder bites you.
You are poisoned.
The adder poisons you!
You feel sick. The adder bites you.
* * * LOW HITPOINT WARNING * * *
You feel sick. The adder closely misses you.
The endoplasm quivers.
You hit the adder. You claw the adder.
You kill the adder!
Trog accepts your kill.
You feel sick.
You have reached level 4!
You feel stronger.
You feel sick.
You feel sick.
You are no longer poisoned.
The kobold hits you with a +0 whip.
You die...

......... ........#
.........########
.................
..$##............
.................
....................
......).....@K......
>............J.....
..................
#.......#........
#^......##.......
#..........#.....
#.......)###.....
##.####........#
.....
..........).##.# ..


You could see an endoplasm and a kobold.

Vanquished Creatures
  Jessica (D:2)
  An adder (D:2)
  3 bats (D:1)
  3 goblins
  A hobgoblin (D:1)
  3 jackals (D:1)
  3 quokkas
  5 kobolds
  2 rats (D:1)
22 creatures vanquished.

Notes
Turn   | Place    | Note
-------+----------+-------------------------------------------
     0 | D:1      | Wiggles the Tengu Berserker began the quest for the Orb.
     0 | D:1      | Reached XP level 1. HP: 14/14 MP: 2/2
    95 | D:1      | Found Emapofeg's Book Boutique.
   116 | D:1      | Found Biuz's Jewellery Boutique.
   162 | D:1      | Reached XP level 2. HP: 19/19 MP: 3/3
   196 | D:1      | Found Xakyohom's General Store.
   225 | D:1      | Reached skill level 4 in Axes
   554 | D:1      | Found Yforuz's Distillery.
   669 | D:2      | Noticed Jessica
   676 | D:2      | Killed Jessica
   677 | D:2      | Reached skill level 5 in Axes
   677 | D:2      | Reached XP level 3. HP: 23/23 MP: 4/4
   699 | D:2      | Found a shimmering altar of Xom.
   729 | D:2      | Reached XP level 4. HP: 6/28 MP: 5/5
   730 | D:2      | Slain by a kobold

Illustrated notes

Levels and vault maps discovered:
D:1:      giann_bridges, layout_basic, serial_shops, shop,
          nicolae_shop_advertising_works [nicolae_subvault_shop_adworks], shop,
          shop
D:2:      layout_rooms, basic_altar, hellmonk_ecumenical_altar_watching_god,
          minmay_vboxes, uniq_jessica

Skill      XL: |  1  2 |
---------------+-------+-----
Axes           | 5 |  5.2
Fighting       | |  3.0
Armour         | |  2.1
Dodging        | |  2.1

Action                     |  1- 3 |  4- 6 || total
---------------------------+-------+-------++-------
  Melee: Hand axe          |    45 |       ||    45
         Kick              |     7 |       ||     7
         Peck              |     4 |       ||     4
 Invoke: Berserk           |     1 |       ||     1
 Armour: Animal skin       |     3 |       ||     3
         Leather armour    |    10 |       ||    10
  Dodge: Dodged            |    21 |       ||    21
  Block: Other             |     5 |       ||     5
